 Dungeon Crawl Stone Soup version 0.26-a0-228-g29f007ebfe (webtiles) character file.

Game seed: 4637778592021075029

28833 Esekla the Thaumaturge (level 13, -8/93 HPs)
             Began as a Formicid Venom Mage on July 7, 2020.
             Was an Elder of Lugonu.
             Mangled by Saint Roka
             ... wielding a +2 halberd of pain
              (9 damage)
             ... on level 1 of the Orcish Mines on July 8, 2020.
             The game lasted 03:45:51 (22501 turns).

Esekla the Thaumaturge (Formicid Venom Mage)       Turns: 22501, Time: 03:45:51

Health: -8/93      AC: 14    Str: 15    XL:     13   Next: 76%
Magic:  5/24       EV: 13    Int: 23    God:    Lugonu [****..]
Gold:   1081       SH:  8    Dex: 10    Spells: 6/32 levels left

rFire    . . .     SeeInvis +   a - +4 falchion (freeze)
rCold    . . .     Faith    .   W - +0 buckler
rNeg     . . .     Spirit   .   O - +0 steam dragon scales
rPois    .         Reflect  .   (helmet unavailable)
rElec    +         Harm     .   p - +2 cloak
rCorr    .         Clarity  +   L - +0 pair of gloves
MR       +....                  (no boots)
Stlth    ++........             V - amulet of magic regeneration
HPRegen  0.25/turn              q - +4 ring of protection
MPRegen  0.44/turn              r - +6 ring of intelligence

@: invisible
A: permanent stasis, dig shafts and tunnels, four strong arms, antennae 3, large
bone plates 1, clarity, clumsy 1, low mp 1, electricity resistance
a: Dig, Shaft Self, Depart the Abyss, Bend Space, Banish, Corrupt, Renounce
Religion


You were on level 1 of the Orcish Mines.
You worshipped Lugonu.
Lugonu was greatly pleased with you.
You were not hungry.

You visited 3 branches of the dungeon, and saw 16 of its levels.
You visited the Abyss 1 time.
You also visited: Sewer and Ossuary.

You collected 1240 gold pieces.
You spent 159 gold pieces at shops.

Inventory:

Hand Weapons
 a - a +4 falchion of freezing (weapon)
 d - a +6 long sword of distortion
 g - a +2 great sword
 s - a +3 short sword of speed
 t - a +2 vampiric trident
 v - a +2 dagger of venom
 y - a +0 trident of distortion
 N - a +1 glaive of pain
Missiles
 e - 3 curare-tipped darts
 Q - 18 poisoned darts (quivered)
 U - 12 boomerangs
Armour
 p - a +2 cloak (worn)
 B - the +0 robe the Festooned Stallion {+Blink rElec rCorr}
   (You bought it in a shop on level 8 of the Dungeon)

   It insulates you from electricity.
   It lets you blink.
   It provides partial protection from all sources of acid and corrosion.
 I - a +2 leather armour of cold resistance
 L - a +0 pair of gloves (worn)
 O - +0 steam dragon scales (worn)
 W - a +0 buckler (worn)
Jewellery
 q - a +4 ring of protection (left hand)
 r - a +6 ring of intelligence (right hand)
 u - an uncursed ring of protection from magic
 C - an uncursed ring of resist corrosion
 F - an uncursed ring of positive energy
 G - an uncursed ring of protection from magic
 H - an uncursed amulet of reflection
 V - an amulet of magic regeneration (around neck)
Wands
 w - a wand of flame (18)
 P - a wand of iceblast (8)
 R - a wand of random effects (21)
 T - a wand of paralysis (21)
Scrolls
 b - 4 scrolls of magic mapping
 f - 2 scrolls of amnesia
 h - 5 scrolls of identify
 n - 3 scrolls of enchant weapon
 o - 5 scrolls of fog
 D - 5 scrolls of remove curse
 E - a scroll of vulnerability
 S - 7 scrolls of enchant armour
Potions
 i - 9 potions of curing
 j - 6 potions of brilliance
 k - 5 potions of might
 z - 5 potions of stabbing
 A - 5 potions of flight
 J - 4 potions of cancellation
 K - a potion of mutation
 M - 3 potions of resistance
Comestibles
 c - 8 rations


   Skills:
 + Level 5.9 Fighting
 + Level 6.1(7.7) Short Blades
 * Level 7.1(8.2) Long Blades
 + Level 1.0 Polearms
 + Level 2.0 Throwing
 + Level 4.0 Armour
 + Level 4.5 Dodging
 + Level 4.0 Stealth
 * Level 3.2 Shields
 * Level 10.0 Spellcasting
 * Level 6.8 Conjurations
 + Level 2.0 Translocations
 + Level 3.2 Transmutations
 * Level 6.8 Fire Magic
 + Level 5.7 Air Magic
 + Level 8.7 Poison Magic
 * Level 6.9 Invocations


You had 6 spell levels left.
You knew the following spells:

 Your Spells              Type           Power        Failure   Level
a - Apportation           Tloc           ###...       2%          1
b - Fireball              Conj/Fire      #####.....   10%         5
c - Mephitic Cloud        Conj/Pois/Air  #####...     1%          3
d - Sting                 Tmut/Pois      ####         1%          1
f - Conjure Flame         Conj/Fire      #####...     1%          3
n - Ignite Poison         Fire/Tmut/Pois #####...     1%          3
v - Poisonous Vapours     Pois/Air       #####.       1%          2
x - Olgreb's Toxic Radia  Pois           ######..     1%          4
y - Sticky Flame          Conj/Fire      #####...     3%          4

Your spell library contained the following spells:

 Spells                   Type           Power        Failure   Level
 Foxfire                  Conj/Fire      ####         1%          1
 Inner Flame              Hex/Fire       ####....     4%          3
 Animate Skeleton         Necr           N/A          5%          1
 Corona                   Hex            ##.....      5%          1
 Summon Small Mammal      Summ           ##..         5%          1
 Gell's Gravitas          Tloc           ###.......   8%          3
 Confusing Touch          Hex            ##......     17%         3
 Petrify                  Tmut/Erth      ###.....     28%         4
 Yara's Violent Unravell  Hex/Tmut       ###.......   63%         5
 Metabolic Englaciation   Hex/Ice        ##........   83%         5


Dungeon Overview and Level Annotations

Branches:
Dungeon (13/15)            Temple (1/1) D:6            Lair (0/6) D:8
    Orc (2/2) D:11          Sewer (visited)         Ossuary (visited)
    Elf: Orc:2       Vaults: D:13-14

Altars:
Ashenzari
Cheibriados
Dithmenos
Elyvilon
Fedhas
Gozag
Hepliaklqana
Kikubaaqudgha
Makhleb
Nemelex Xobeh
Okawaru
Qazlal
Ru
Sif Muna
Trog
Uskayaw
Vehumet
Wu Jian
Xom
Yredelemnul
Zin
The Shining One
Beogh

Shops:
D:7 (   D:8 [

Annotations:
D:12 2 runed translucent doors
Orc:1 Saint Roka


Innate Abilities, Weirdness & Mutations

You cannot be hasted, slowed, berserked, paralysed or teleported.
You can dig through walls and to a lower floor.
Your four strong arms can wield two-handed weapons with a shield.
You have a pair of large antennae on your head. (SInv)
You are partially covered in large bone plates. (SH +4)
You possess an exceptional clarity of mind.
You are clumsy. (Dex -2)
Your magical capacity is low. (-10% MP)
You are resistant to electric shocks. (rElec)


Message History

Aiming: Sticky Flame (dangerous; 3% risk of failure)
Press: ? - help, Shift-Dir - straight line, f/p - Saint Roka
Aim: Saint Roka, wielding a +2 halberd of pain and wearing a +0 plate armour (flame, heavily wounded)
The sticky flame hits Saint Roka!
Saint Roka is heavily wounded.
Saint Roka is covered in liquid flames!
Saint Roka burns!
Saint Roka is engulfed in blazing flames.
Saint Roka hits you with a +2 halberd of pain!!
* * * LOW HITPOINT WARNING * * *
You writhe in agony.
* * * LOW HITPOINT WARNING * * *
Okay, then.
Press: ? - help, v - describe, . - travel
Here: Saint Roka, wielding a +2 halberd of pain and wearing a +0 plate armour (flame, severely wounded, covered in liquid flames)
The floor, spattered with blood.
You fade into invisibility!
Saint Roka burns!
Saint Roka is engulfed in blazing flames.
Saint Roka hits you with a +2 halberd of pain!
You die...

##.............####.##.#.. ###
##.....[).....>..#.........
##.####........[[)..............)
#....#....#....<>...........#.#..
##.........#...[.[[..........###.
###.##...###...○.............##.
####...##....(○............#..
#.........°o○.............#.
##.#.##....@........##...###
##.###..............#....#
#...###.#..#....#...#...##
##...######...####.###.## ##.##
#.....# ### ### ### ##...## #####


You could see Saint Roka (burning).

Vanquished Creatures
  Gastronok (D:10)
  Snorg (D:10)
  A death knight (D:12)
  2 two-headed ogres
  A centaur warrior (D:11)
  A tengu warrior (D:13)
  3 unseen horrors (D:12)
  5 skeletal warriors (D:13)
  A manticore (D:12)
  An orc sorcerer (Orc:2)
  4 ugly things
  Maggie (D:9)
  3 trolls
  A merfolk (D:9)
  2 hornets
  2 hippogriffs
  7 slime creatures
  2 shadows
  2 wraiths
  3 wyverns
  15 yaks
  5 wargs
  An acid dragon (D:12)
  A porcupine (D:8)
  9 orc warriors
  2 ice beasts (D:10)
  6 sky beasts
  An eye of draining (D:11)
  4 phantoms
  10 ogres
  8 centaurs
  A crocodile (D:12)
  6 big kobolds
  An elf zombie (Ossuary)
  12 bullfrogs
  2 wyvern zombies
  A wyvern skeleton (D:7)
  5 scorpions
  12 killer bees
  12 wights
  3 howler monkeys
  4 centaur zombies
  3 quasits
  9 hounds
  10 orc priests
  5 centaur skeletons
  2 jellies
  11 orc wizards
  2 bullfrog skeletons
  4 iguanas
  13 worker ants
  A killer bee zombie (D:4)
  A big kobold zombie (Ossuary)
  4 hound zombies
  A hound skeleton (D:6)
  4 mummies
  A worker ant zombie (D:7)
  5 gnolls
  12 adders
  11 river rats
  2 shadow imps
  A white imp (D:9)
  4 ufetubi
  2 adder skeletons
  6 adder zombies
  2 worms (D:4)
  2 dart slugs (D:1)
  5 leopard geckos
  51 orcs
  4 giant cockroaches
  10 goblins
  7 hobgoblins
  11 jackals
  6 quokkas
  8 ball pythons
  11 bats
  16 frilled lizards
  A gnoll zombie (Ossuary)
  3 goblin zombies (Ossuary)
  3 hobgoblin zombies (Ossuary)
  2 jackal zombies (Ossuary)
  41 kobolds
  5 kobold zombies (Ossuary)
  A leopard gecko skeleton (D:5)
  A quokka skeleton (D:2)
  4 quokka zombies (Ossuary)
  21 rats
  3 rat zombies (Ossuary)
  A fungus (D:6)
498 creatures vanquished.

Vanquished Creatures (others)
  A fungus (D:6)
1 creature vanquished.

Grand Total: 499 creatures vanquished

Notes
Turn   | Place    | Note
-------+----------+-------------------------------------------
     0 | D:1      | Esekla the Formicid Venom Mage began the quest for the Orb.
     0 | D:1      | Reached XP level 1. HP: 13/13 MP: 3/3
    94 | D:1      | You fall into a shaft and drop 1 floor!
   161 | D:2      | Reached XP level 2. HP: 20/20 MP: 1/5
   279 | D:2      | Reached skill level 1 in Fighting
   283 | D:2      | Learned a level 2 spell: Poisonous Vapours
   377 | D:1      | Reached XP level 3. HP: 26/26 MP: 0/7
   383 | D:1      | Learned a level 3 spell: Mephitic Cloud
   423 | D:1      | Reached skill level 3 in Spellcasting
  1115 | D:2      | Reached XP level 4. HP: 29/32 MP: 8/8
  1278 | D:2      | Found an iron altar of Okawaru.
  1278 | D:2      | Found a blossoming altar of Fedhas.
  1762 | D:3      | Found a shattered altar of Ashenzari.
  2361 | D:3      | Found a sparkling altar of Nemelex Xobeh.
  2440 | D:3      | Learned a level 3 spell: Ignite Poison
  2664 | D:4      | Reached skill level 1 in Short Blades
  2664 | D:4      | Reached skill level 1 in Air Magic
  2664 | D:4      | Reached XP level 5. HP: 28/38 MP: 5/10
  2719 | D:4      | Reached skill level 1 in Conjurations
  2734 | D:4      | Found a glowing drain.
  2877 | Sewer    | Entered a sewer
  3001 | Sewer    | Reached XP level 6. HP: 45/45 MP: 4/11
  3164 | Sewer    | Reached skill level 4 in Spellcasting
  3711 | Sewer    | Reached XP level 7. HP: 50/51 MP: 6/13
  4358 | D:4      | Reached skill level 5 in Spellcasting
  4717 | D:5      | Entered Level 5 of the Dungeon
  5252 | D:5      | Reached XP level 8. HP: 28/58 MP: 10/16
  5566 | D:5      | Found a burning altar of Makhleb.
  5567 | D:5      | Found a bloodstained altar of Trog.
  5947 | D:6      | Found a sacrificial altar of Ru.
  6104 | D:6      | Found a sand-covered staircase.
  6147 | Ossuary  | Entered an ossuary
  6440 | Ossuary  | Reached skill level 6 in Spellcasting
  6528 | Ossuary  | Reached skill level 1 in Throwing
  6880 | Ossuary  | Reached XP level 9. HP: 63/65 MP: 8/18
  7072 | D:6      | Found a staircase to the Ecumenical Temple.
  7077 | Temple   | Entered the Ecumenical Temple
  7327 | D:6      | Reached skill level 1 in Fire Magic
  7539 | D:6      | Gained mutation: Armour fits poorly on your strangely
                  | shaped body. [mutagenic glow]
  7581 | D:6      | Gained mutation: Scrolls take you a little longer to read.
                  | [mutagenic glow]
  7691 | D:6      | Reached skill level 1 in Armour
  8093 | D:6      | Gained mutation: Your body sometimes deteriorates upon
                  | taking damage. [mutagenic glow]
  8194 | D:6      | Gained mutation: Your magical capacity is low. (-10% MP)
                  | [mutagenic glow]
  8564 | D:6      | Gained mutation: Your body often deteriorates upon taking
                  | damage. [mutagenic glow]
  8751 | D:6      | Gained mutation: You are partially covered in large bone
                  | plates. (SH +4) [mutagenic glow]
  8884 | D:6      | Gained mutation: You are clumsy. (Dex -2) [mutagenic glow]
  9288 | D:6      | Cast into level 1 of the Abyss (unwielding a weapon of
                  | distortion)
  9288 | Abyss:1  | Found a corrupted altar of Lugonu.
  9295 | Abyss:1  | Became a worshipper of Lugonu the Unformed
  9295 | Abyss:1  | Reached * piety under Lugonu
  9383 | D:6      | Escaped the Abyss
  9389 | D:7      | Found Laxuar's Weapon Shop.
  9615 | D:7      | Reached skill level 5 in Short Blades
  9806 | D:7      | Reached ** piety under Lugonu
  9909 | D:7      | Noticed a hornet
  9917 | D:7      | Killed a hornet
  9917 | D:7      | Reached XP level 10. HP: 68/73 MP: 11/18
 10012 | D:7      | Lost mutation: Your body often deteriorates upon taking
                  | damage. [potion of mutation]
 10012 | D:7      | Lost mutation: Your body sometimes deteriorates upon taking
                  | damage. [potion of mutation]
 10012 | D:7      | Lost mutation: Scrolls take you a little longer to read.
                  | [potion of mutation]
 10012 | D:7      | Lost mutation: Armour fits poorly on your strangely shaped
                  | body. [potion of mutation]
 10012 | D:7      | Gained mutation: You possess an exceptional clarity of
                  | mind. [potion of mutation]
 10012 | D:7      | Gained mutation: You are resistant to electric shocks.
                  | (rElec) [potion of mutation]
 10208 | D:8      | Found Ovaalu's Antique Armour Boutique.
 10371 | D:8      | Reached skill level 1 in Invocations
 10384 | D:8      | Reached skill level 5 in Poison Magic
 10397 | D:8      | Noticed a death yak
 10411 | D:8      | You fall into a shaft and drop 1 floor!
 10510 | D:9      | Noticed Maggie
 10825 | D:8      | Reached skill level 7 in Spellcasting
 10950 | D:8      | Noticed a death yak
 10951 | D:8      | Noticed a death yak
 11142 | D:8      | Found a staircase to the Lair.
 11759 | D:9      | Killed Maggie
 11840 | D:8      | Bought a bloodstained robe for 159 gold pieces
 11850 | D:8      | Identified the cursed +0 robe the Festooned Stallion
                  | {+Blink rElec rCorr} (You bought it in a shop on level 8 of
                  | the Dungeon)
 12496 | D:9      | Reached XP level 11. HP: 52/78 MP: 8/20
 12503 | D:9      | Reached *** piety under Lugonu
 13057 | D:10     | Entered Level 10 of the Dungeon
 13276 | D:10     | Reached skill level 1 in Long Blades
 13333 | D:10     | Reached skill level 5 in Conjurations
 13553 | D:10     | Noticed a two-headed ogre
 13585 | D:10     | Killed a two-headed ogre
 13585 | D:10     | Reached skill level 8 in Spellcasting
 13727 | D:10     | Learned a level 1 spell: Apportation
 13732 | D:10     | Learned a level 4 spell: Sticky Flame
 13736 | D:10     | Learned a level 3 spell: Conjure Flame
 13741 | D:10     | Learned a level 4 spell: Olgreb's Toxic Radiance
 13902 | D:10     | Noticed Gastronok
 14100 | D:10     | Reached skill level 1 in Translocations
 14102 | D:10     | Reached **** piety under Lugonu
 14185 | D:10     | Noticed Snorg
 14239 | D:10     | Reached skill level 1 in Polearms
 14495 | D:10     | Killed Snorg
 14495 | D:10     | Reached skill level 5 in Air Magic
 14888 | D:11     | Noticed a centaur warrior
 14893 | D:11     | Killed a centaur warrior
 15087 | D:11     | Noticed a cyan ugly thing
 15094 | D:11     | Killed a cyan ugly thing
 15094 | D:11     | Reached XP level 12. HP: 82/85 MP: 10/22
 15403 | D:11     | Found a staircase to the Orcish Mines.
 15431 | D:11     | Found a roughly hewn altar of Beogh.
 15520 | D:11     | Reached skill level 5 in Fighting
 15909 | D:10     | Killed Gastronok
 15909 | D:10     | Reached skill level 5 in Long Blades
 15909 | D:10     | Reached skill level 5 in Fire Magic
 16032 | D:12     | Noticed an unseen horror
 16044 | D:12     | Noticed an unseen horror
 16056 | D:12     | Killed an unseen horror
 16056 | D:12     | Reached skill level 9 in Spellcasting
 16082 | D:12     | Reached ***** piety under Lugonu
 16119 | D:12     | Reached skill level 5 in Invocations
 16420 | D:12     | Killed an unseen horror
 16448 | D:12     | Noticed an unseen horror
 16497 | D:12     | Killed an unseen horror
 17202 | D:12     | Reached skill level 1 in Shields
 17314 | D:12     | Found a runed translucent door.
 17314 | D:12     | Noticed a death knight
 17315 | D:12     | Noticed a wizard
 17316 | D:12     | Noticed an ettin
 17317 | D:12     | Found a runed translucent door.
 17324 | D:12     | HP: 4/86 [manticore (14)]
 17333 | D:12     | Noticed a two-headed ogre
 17333 | D:12     | a moth of wrath changed into a two-headed ogre
 17336 | D:12     | Killed a death knight
 17336 | D:12     | Reached XP level 13. HP: 45/92 MP: 6/23
 19399 | D:13     | Learned a level 5 spell: Fireball
 20436 | Orc:1    | Entered Level 1 of the Orcish Mines
 20537 | Orc:2    | Entered Level 2 of the Orcish Mines
 21407 | Orc:2    | Reached skill level 10 in Spellcasting
 21407 | Orc:2    | Reached ****** piety under Lugonu
 21419 | Orc:2    | Noticed Saint Roka
 21763 | Orc:1    | Identified a +6 long sword of distortion (a +4 long sword
                  | corrupted by Lugonu)
 21763 | Orc:1    | Received a gift from Lugonu
 22500 | Orc:1    | HP: 2/93 [Saint Roka/+2 halberd of pain (21)]
 22501 | Orc:1    | Mangled by Saint Roka

Illustrated notes

Levels and vault maps discovered:
D:1:      co_arrival_square_in_a_square_in_a_square, layout_rooms
D:2:      layout_basic, gammafunk_temple_overflow_wave, grunt_ministairs_13,
          minmay_lizard_king
D:3:      layout_basic, nicolae_ashenzari_panopticon, nemelex_altar_shiori,
          first_ration
D:4:      layout_loops_ring, portal_sewer_entry_a, minmay_pentomino_pile
D:5:      layout_loops_ring, chequers_temple_overflow_statue_of_worship,
          minmay_crystal_water
D:6:      old_forge, layout_loops_cross, nicolae_ru_great_annihilating_truth,
          temple_doors_e, gup_ossuary_entry_pyramid, serial_bayou_pond_c
D:7:      layout_rooms, serial_shops, shop, due_unseen_surprise
D:8:      layout_basic, dpeg_lair_monsters, serial_shops, nicolae_shop_crystal
D:9:      layout_basic, hangedman_fish_farm, uniq_maggie
D:10:     layout_cave_pods, uniq_gastronok, uniq_snorg
D:11:     layout_basic, minmay_orc_entry_temple_small
D:12:     minmay_expanding_circles, layout_loops_ring
D:13:     layout_cave_pods
Temple:   regret_index_temple_waves
Orc:1:    layout_caves, serial_shops, shop, minmay_orc_keep
Orc:2:    st_orc_elflike, layout_diamond_mine, mines2_lemuel, uniq_saint_roka

Skill      XL: |  1  2  3  4  5  6  7  8  9 10 11 12 13 |
---------------+----------------------------------------+-----
Fighting       | 1 2 3 4 5 |  5.9
Dodging        | 2 3 4 |  4.5
Spellcasting   | 3 4 5 6 7 8 9 10 | 10.0
Short Blades   | 1 2 3 5 6 |  6.1
Air Magic      | 1 2 3 4 5 |  5.7
Conjurations   | 1 2 3 4 5 6 |  6.8
Throwing       | 1 2 |  2.0
Fire Magic     | 2 3 4 5 6 |  6.8
Armour         | 2 3 4 |  4.0
Invocations    | 2 3 5 6 |  6.9
Poison Magic   | 5 7 8 |  8.7
Transmutations | 3 |  3.2
Stealth        | 3 4 |  4.0
Long Blades    | 3 6 7 |  7.1
Translocations | 2 |  2.0
Polearms       | 1 |  1.0
Shields        | 1 3 |  3.2

Action                   |  1- 3 |  4- 6 |  7- 9 | 10-12 | 13-15 || total
-------------------------+-------+-------+-------+-------+-------++-------
Melee: Dagger            |    45 |       |       |       |       ||    45
       Short sword       |    22 |   141 |   519 |   260 |     2 ||   944
       Trident           |       |       |     2 |     2 |       ||     4
       Falchion          |       |       |       |   317 |   206 ||   523
       Great sword       |       |       |       |       |    13 ||    13
       Long sword        |       |       |       |       |     1 ||     1
Throw: Dart              |       |     7 |     6 |    22 |    17 ||    52
       Boomerang         |       |       |    23 |    26 |    11 ||    60
 Cast: Sting             |    10 |       |       |       |       ||    10
       Poisonous Vapours |    13 |    42 |    84 |   157 |    47 ||   343
       Mephitic Cloud    |       |     2 |    11 |    40 |    23 ||    76
       Ignite Poison     |       |       |     5 |    25 |    20 ||    50
       Apportation       |       |       |       |     1 |     2 ||     3
       Sticky Flame      |       |       |       |     8 |    23 ||    31
Invok: Bend Space        |       |       |       |    14 |     6 ||    20
       Brand Weapon With |       |       |       |       |     1 ||     1
 Abil: Dig               |       |       |     3 |     1 |       ||     4
       Shaft Self        |       |       |       |     1 |       ||     1
  Use: Scroll            |       |     6 |     8 |     8 |       ||    22
       Potion            |       |       |     2 |     9 |     4 ||    15
 Stab: Sleeping          |     1 |     1 |     6 |     4 |     1 ||    13
       Confused          |       |     1 |     1 |     5 |     3 ||    10
       Distracted        |       |       |     2 |       |       ||     2
       Paralysed         |       |       |     1 |       |       ||     1
  Eat: Ration            |       |     3 |     5 |     7 |     4 ||    19
Armor: Robe              |    15 |    24 |    63 |       |       ||   102
       Leather armour    |       |       |    56 |    35 |       ||    91
       Skin              |       |       |       |    34 |       ||    34
       Steam dragon scal |       |       |       |   132 |    76 ||   208
Dodge: Dodged            |    49 |    66 |   171 |   269 |   115 ||   670
Block: Other             |       |       |    81 |   111 |       ||   192
       Reflection        |       |       |     4 |     1 |       ||     5
       Buckler           |       |       |       |    16 |    99 ||   115
       Rpst.: Falchion   |       |       |       |    56 |    27 ||    83
       Great sword       |       |       |       |       |     2 ||     2
       Long sword        |       |       |       |       |     1 ||     1

Table legend:
 A = Non-vault XP
 B = Vault XP
 C = Vault XP percentage of total XP
 D = Non-vault monster count
 E = Vault monster count
 F = Vault count percentage of total count
                 A         B        C        D         E       F
            +---------+---------+-------+---------+---------+-------
      Total |   32226 |    8965 |  21.8 |     342 |     155 |  31.2
            +---------+---------+-------+---------+---------+-------
        D:1 |      45 |       0 |   0.0 |      25 |       0 |   0.0
        D:2 |      33 |      15 |  31.2 |      14 |      11 |  44.0
        D:3 |      19 |       0 |   0.0 |      10 |       0 |   0.0
        D:4 |     283 |     192 |  40.4 |      12 |      11 |  47.8
        D:5 |     366 |       0 |   0.0 |      16 |       0 |   0.0
        D:6 |     552 |     381 |  40.8 |      20 |      15 |  42.9
        D:7 |    1551 |       0 |   0.0 |      27 |       0 |   0.0
        D:8 |    1645 |     146 |   8.2 |      28 |       3 |   9.7
        D:9 |    1766 |     665 |  27.4 |      28 |       2 |   6.7
       D:10 |    3917 |    3570 |  47.7 |      38 |       2 |   5.0
       D:11 |    5358 |     240 |   4.3 |      43 |      10 |  18.9
       D:12 |    6040 |    1491 |  19.8 |      29 |       3 |   9.4
       D:13 |    9203 |       0 |   0.0 |      31 |       0 |   0.0
      Orc:1 |     861 |     151 |  14.9 |       9 |       6 |  40.0
      Orc:2 |     587 |    1380 |  70.2 |      12 |       8 |  40.0
      Sewer |       0 |     316 | 100.0 |       0 |      48 | 100.0
    Ossuary |       0 |     418 | 100.0 |       0 |      36 | 100.0
            +---------+---------+-------+---------+---------+-------
